 Dungeon Crawl Stone Soup version 0.23.2 (webtiles) character file.

Game seed: 9543657433912966906

1759 Menchi the Shield-Bearer (level 8, 71/76 HPs)
             Began as a Troll Fighter on Apr 1, 2019.
             Was a Follower of Elyvilon.
             Starved to death
             ... on level 3 of the Dungeon on Apr 2, 2019.
             The game lasted 01:28:40 (7505 turns).

Menchi the Shield-Bearer (Troll Fighter)            Turns: 7505, Time: 01:28:41

Health: 71/76      AC:  6    Str: 27    XL:     8   Next: 79%
Magic:  7/7        EV:  1    Int:  4    God:    Elyvilon [*.....]
Gold:   204        SH:  0    Dex: -3 (9) Spells: 7/7 levels left

rFire    . . .     SeeInvis .   r - +0 whip
rCold    . . .     Gourm    +   x - +0 shield
rNeg     . . .     Faith    .   u - +0 robe
rPois    .         Spirit   .   (helmet restricted)
rElec    .         Reflect  .   (no cloak)
rCorr    .         Harm     .   (gloves unavailable)
MR       .....                  (boots unavailable)
Stlth    ..........             (no amulet)
HPRegen  0.62/turn              (no ring)
MPRegen  0.10/turn              (no ring)

@: fainting, slowed, lost dexterity, very slow
A: large, unfitting armour, claws 3, fast metabolism 3, gourmand, regeneration
1, shaggy fur 1, tough skin 3
a: Lesser Healing, Divine Protection, Renounce Religion


You were on level 3 of the Dungeon.
You worshipped Elyvilon.
Elyvilon was aware of your devotion.
You were fainting.

You visited 1 branch of the dungeon, and saw 6 of its levels.

You collected 204 gold pieces.

Inventory:

Hand Weapons
 c - a +0 club
 o - the +5 rapier of Muzxeudgh {pierce, +Blink rF+ rC+}
   (You found it on level 6 of the Dungeon)

   It inflicts extra damage upon your enemies.
   It protects you from fire.
   It protects you from cold.
   It lets you blink.
 r - a +0 whip (weapon)
Missiles
 h - 96 stones (quivered)
 s - 12 tomahawks
Armour
 u - a +0 robe (worn)
 x - a +0 shield (worn)
Wands
 v - a wand of enslavement (9)
Scrolls
 f - 5 scrolls of identify
 g - a scroll of magic mapping {unknown}
 i - 2 scrolls of blinking
 j - a scroll of enchant weapon
 l - 4 scrolls of immolation
 m - 4 scrolls of teleportation
 n - 3 scrolls of remove curse
 t - a scroll of fear {unknown}
Potions
 a - a potion of heal wounds {unknown}
 b - a potion of resistance {unknown}
 e - a potion of curing
 k - 2 potions of ambrosia {unknown}
 p - a potion of mutation {unknown}
 q - 2 potions of degeneration {unknown}
 w - 2 potions of flight {unknown}


   Skills:
 - Level 3.6 Fighting
 - Level 1.2 Short Blades
 - Level 2.7 Maces & Flails
 - Level 2.6 Throwing
 - Level 3.5 Dodging
 + Level 7.7 Shields
 - Level 3.1 Unarmed Combat


You had 7 spell levels left.
You didn't know any spells.
Your spell library was empty.

Dungeon Overview and Level Annotations

Branches:
Dungeon (6/15)             Temple (0/1) D:4

Altars:
Ashenzari
Elyvilon
Gozag
Makhleb
Vehumet
Wu Jian
Xom

Annotations:
D:2 Sigmund
D:5 Eustachio


Innate Abilities, Weirdness & Mutations

You are too large for most types of armour.
You have claws for hands.
Your metabolism is lightning-fast.
You like to eat raw meat.
Your natural rate of healing is unusually fast.
You are covered in fur. (AC +1)
You have extremely tough skin. (AC +3)


Message History

The ufetubus hits you but does no damage. x2
Eustachio brags, "I can call spirits from the vasty deep."
Eustachio gestures wildly while chanting.
Eustachio blinks!
The river rat bites you. The white imp gestures at you.
The puff of frost hits you.
The ufetubus hits you but does no damage.
The ufetubus completely misses you. The bat hits you but does no damage.
The river rat bites you but does no damage.
The ufetubus hits you but does no damage. x2
The white imp hits you but does no damage.
You can move again.
You climb upwards.
There is a stone staircase leading down here.
Search for what [Enter for "food", or ? for help]? food
There is a stone staircase leading up here.
You climb upwards.
There is a stone staircase leading down here.
You have starved to death.
You die...

.########.#..##.#.##...###.##.#
#
.##.......#..##.#.##......)...#
#
.##.#######..##.#.##..........#
# .##.# #.....>.####.###....# #
.##.# ##.##.######.###....# #
..#.# #.##..............####
#...# #..............<......
..### ####..##...####...####
.## #.@#.###.###.#.# .######
#..............# ......#
##.#.###.###...# #####.#
#.##...####..## #.#
#............# #.#
####.........# #.# #.#####...#
#.# #.# #...#
#.#############.### #..)#####


There were no monsters in sight!

Vanquished Creatures
  Duvessa (D:5)
  A sky beast (D:6)
  An orc warrior (D:5)
  An ice beast (D:5)
  A phantom (D:4)
  A centaur (D:5)
  2 ogres
  Dowan (D:5)
  3 scorpions
  3 howler monkeys
  3 crimson imps
  3 jellies
  An orc priest (D:6)
  3 hounds
  3 orc wizards
  3 worker ants
  Robin (D:2)
  4 gnolls (D:2)
  7 adders
  2 shadow imps (D:5)
  A worm (D:5)
  A dart slug (D:2)
  4 leopard geckos
  10 orcs
  A ball python (D:1)
  5 giant cockroaches
  16 goblins
  9 hobgoblins
  An iguana (D:4)
  6 jackals (D:2)
  2 quokkas
  9 bats
  7 frilled lizards
  4 kobolds
  10 rats
131 creatures vanquished.

Notes
Turn   | Place    | Note
-------+----------+-------------------------------------------
     0 | D:1      | Menchi the Troll Fighter began the quest for the Orb.
     0 | D:1      | Reached XP level 1. HP: 22/22 MP: 0/0
   183 | D:1      | Reached XP level 2. HP: 29/29 MP: 1/1
   999 | D:2      | Reached XP level 3. HP: 34/36 MP: 2/2
  1083 | D:2      | Noticed Sigmund
  1177 | D:2      | Found an ornate altar of the Wu Jian Council.
  1353 | D:2      | Reached skill level 3 in Shields
  1357 | D:2      | Reached XP level 4. HP: 44/44 MP: 3/3
  1360 | D:2      | Noticed Robin
  1374 | D:2      | Killed Robin
  2029 | D:3      | Reached XP level 5. HP: 53/53 MP: 4/4
  2090 | D:3      | Found a faded altar of an unknown god.
  2393 | D:3      | Reached skill level 1 in Throwing
  2573 | D:3      | Found a shattered altar of Ashenzari.
  2880 | D:4      | Reached skill level 1 in Maces & Flails
  3026 | D:4      | Reached XP level 6. HP: 45/61 MP: 5/5
  3585 | D:4      | Found a shimmering altar of Xom.
  3703 | D:4      | Found a white marble altar of Elyvilon.
  3746 | D:4      | Reached XP level 7. HP: 59/67 MP: 6/6
  3784 | D:4      | Became a worshipper of Elyvilon the Healer
  4157 | D:4      | Found a staircase to the Ecumenical Temple.
  4185 | D:5      | Entered Level 5 of the Dungeon
  4318 | D:5      | Reached skill level 4 in Shields
  4621 | D:5      | Noticed Duvessa
  4621 | D:5      | Noticed Dowan
  4653 | D:5      | Killed Duvessa
  4653 | D:5      | Reached skill level 5 in Shields
  4664 | D:5      | Killed Dowan
  4751 | D:5      | Reached XP level 8. HP: 52/76 MP: 7/7
  5043 | D:5      | Found a burning altar of Makhleb.
  5044 | D:5      | Noticed a blizzard demon
  5066 | D:5      | Reached * piety under Elyvilon
  5513 | D:6      | Reached skill level 6 in Shields
  5762 | D:6      | Got a crystal rapier
  5763 | D:6      | Identified the +5 rapier of Muzxeudgh {pierce, +Blink rF+
                  | rC+} (You found it on level 6 of the Dungeon)
  5871 | D:6      | Found an opulent altar of Gozag.
  5871 | D:6      | Found a radiant altar of Vehumet.
  5991 | D:5      | Reached skill level 1 in Short Blades
  5991 | D:5      | Reached skill level 7 in Shields
  6487 | D:5      | Noticed Eustachio
  6630 | D:5      | Lost dexterity.
  7478 | D:5      | Paralysed by fainting for 11 turns
  7505 | D:3      | Starved to death

Skill      XL: |  1  2  3  4  5  6  7  8 |
---------------+-------------------------+-----
Shields        | 3 5 7 |  7.7
Unarmed Combat | 3 |  3.1
Dodging        | 3 |  3.5
Fighting       | 3 |  3.6
Throwing       | 1 2 |  2.6
Maces & Flails | 1 2 |  2.7
Short Blades   | 1 |  1.2

Action                   |  1- 3 |  4- 6 |  7- 9 || total
-------------------------+-------+-------+-------++-------
Melee: Unarmed           |   135 |    76 |       ||   211
       Club              |       |    58 |       ||    58
       Whip              |       |   123 |   388 ||   511
       Rapier            |       |       |    52 ||    52
Throw: Stone             |       |   123 |    96 ||   219
  Use: Scroll            |       |     7 |     4 ||    11
       Potion            |       |     2 |     2 ||     4
  Eat: Chunk             |    18 |    21 |    23 ||    62
       Ration            |       |       |     2 ||     2
Armor: Robe              |    59 |    92 |   244 ||   395
Dodge: Dodged            |    53 |    87 |   207 ||   347
Block: Shield            |    75 |   109 |   268 ||   452
